Map: Blackpink LE

Players

JagrsMullets - Winner!

  • Race: Protoss Protoss
  • Spawn Location: 1:00

A.I. 1 (Easy)

  • Race: Terran Terran
  • Spawn Location: 7:00

VOD

Have the link to the VOD?

Description

Time

  • Played on: Nov. 23, 2017, 2:51 a.m.
  • Length: 9:43
Show
View Real Time Build Order
Export as new Build Order

JagrsMullets Protoss - Winner!

Build Orders:  

Get SALT Encoding   

  12  0:02  Probe (Chrono Boost)  
  14  0:14  Probe (Chrono Boost)  
  14  0:22  Pylon  
  14  0:34  Probe  
  15  0:46  Gateway, Probe  
  16  0:53  Forge  
  16  1:00  Probe  
  17  1:09  Assimilator  
  17  1:12  Probe  
  18  1:36  Pylon  
  18  1:42  Pylon  
  18  1:51  Cybernetics Core  
  18  1:58  Probe (Chrono Boost)  
  19  2:07  Gateway  
  20  2:10  Probe (Chrono Boost)  
  20  2:12  Probe  
  20  2:13  Zealot  
  23  2:24  Photon Cannon, Probe  
  24  2:32  Photon Cannon  
  24  2:36  Probe  
  25  2:41  Photon Cannon  
  25  2:50  Photon Cannon  
  25  3:02  Photon Cannon  
  25  3:15  Photon Cannon  
  25  3:21  Photon Cannon  
  25  3:29  Photon Cannon  
  25  3:39  Photon Cannon  
  25  3:46  Photon Cannon  
  25  3:54  Warp Gate (Chrono Boost)  
  25  4:04  Twilight Council  
  25  4:08  Pylon  
  25  4:30  Protoss Ground Weapons Level 1  
  25  4:32  Gateway  
  25  4:33  Gateway  
  25  4:47  Assimilator  
  25  4:54  Probe  
  26  5:10  Pylon  
  26  5:14  Pylon  
  26  5:20  Charge (Chrono Boost)  
  26  6:24  Protoss Ground Armor Level 1 (Chrono Boost)  
  26  6:25  Stalker x2  
  30  6:26  Stalker x2  
  34  6:50  Blink (Chrono Boost)  
  34  6:51  Adept x2  
  34  6:52  Adept x2  
  42  7:24  Zealot  
  42  7:25  Zealot x3  
  50  8:04  Stalker x2  
  50  8:05  Stalker x2  
  58  8:29  Zealot x2  
  62  8:35  Pylon  
  62  8:54  Zealot  
  62  8:55  Zealot x2  
  66  8:56  Zealot  
Show
View Real Time Build Order
Export as new Build Order

A.I. 1 (Easy) Terran 

Build Orders:  

Get SALT Encoding   

  12  0:00  SCV  
  13  0:13  SCV  
  14  0:18  Supply Depot  
  14  0:25  SCV  
  15  0:40  SCV  
  16  0:43  Barracks  
  16  0:46  Refinery  
  16  1:11  Supply Depot  
  16  1:30  Marine  
  16  1:32  Orbital Command  
  17  1:49  Barracks Tech Lab  
  17  1:57  SCV  
  18  2:07  Marine  
  19  2:09  SCV  
  20  2:21  SCV  
  21  2:26  Marauder  
  21  2:27  Supply Depot  
  23  2:34  SCV  
  24  2:46  SCV  
  24  2:47  Marine  
  26  2:58  SCV  
  27  3:24  Marine  
  23  3:42  Marine  
  24  4:01  Marauder  
  26  4:14  Refinery  
  24  4:17  Factory  
  24  4:19  Supply Depot  
  24  4:22  Marine  
  25  4:37  SCV  
  26  4:39  Marine  
  27  4:49  SCV  
  28  4:57  Marine  
  29  5:01  SCV  
  29  5:05  Starport  
  30  5:16  Marauder  
  32  5:37  SCV, Marauder  
  34  5:42  Starport Tech Lab  
  25  5:58  Marauder  
  25  6:01  SCV  
  25  6:02  Raven  
  26  6:14  SCV  
  26  6:20  Marauder  
  27  6:26  SCV  
  27  6:38  SCV  
  27  6:40  Marine  
  27  6:45  Raven  
  29  6:50  SCV  
  25  6:59  Marauder  
  26  7:02  SCV  
  25  7:14  SCV  
  25  7:20  Marine  
  25  7:26  SCV  
  23  7:38  SCV, Marauder  
  25  7:50  SCV  
  21  7:59  Marine  
  21  8:02  SCV  
  22  8:10  Medivac  
  22  8:12  Supply Depot  
  21  8:14  Engineering Bay  
  21  8:15  SCV  
  21  8:17  Marine  
  22  8:27  SCV  
  21  8:35  Marauder  
  21  8:39  SCV, Raven  
  26  8:51  SCV  
  26  8:56  Marine  
  25  9:03  SCV  
  23  9:15  SCV  
  17  9:27  SCV  
Tags
 
Matchup
PvT
Spawn Locations
Cross Positions
Add a new tag
Caveats
  • Supply blocks, unpowered buildings, or Contaminate may cause inaccurate times.
  • Supply counts are checked every 10 seconds.